 Dungeon Crawl Stone Soup version 0.23.1 (webtiles) character file.

Game seed: 0

8516 poirepourri the Cleaver (level 11, -5/110 HPs)
             Began as a Deep Dwarf Fighter on Mar 3, 2019.
             Was a High Priest of Makhleb.
             Slain by a troll (9 damage)
             ... on level 11 of the Dungeon.
             The game lasted 00:12:15 (7765 turns).

poirepourri the Cleaver (Deep Dwarf Fighter)        Turns: 7765, Time: 00:12:15

Health: -5/110     AC:  9    Str: 21    XL:     11   Next: 10%
Magic:  10/10      EV:  7    Int: 10    God:    Makhleb [*****.]
Gold:   39         SH: 10    Dex: 15    Spells: 10/10 levels left

rFire    + . .     SeeInvis .   a - +3 war axe (flame)
rCold    . . .     Gourm    .   c - +1 shield
rNeg     . . .     Faith    .   b - +0 scale mail
rPois    .         Spirit   .   u - +0 helmet
rElec    .         Reflect  .   (no cloak)
rCorr    .         Harm     .   (no gloves)
MR       +....                  l - +0 pair of boots
Stlth    ..........             (no amulet)
HPRegen  0.00/turn              t - ring of protection from fire
MPRegen  0.12/turn              o - +2 ring of strength

@: non-regenerating
A: damage resistance, heal wounds, sense surroundings 2, no regeneration
a: Heal Wounds, Minor Destruction, Lesser Servant of Makhleb, Major Destruction,
Greater Servant of Makhleb, Renounce Religion


You were on level 11 of the Dungeon.
You worshipped Makhleb.
Makhleb was extremely pleased with you.
You were not hungry.

You visited 2 branches of the dungeon, and saw 12 of its levels.

You collected 793 gold pieces.
You spent 754 gold pieces at shops.

Inventory:

Hand Weapons
 a - a +3 war axe of flaming (weapon)
Missiles
 m - 9 tomahawks (quivered)
 v - 7 tomahawks of returning
 C - 16 bolts
Armour
 b - a +0 scale mail (worn)
 c - a +1 shield (worn)
 l - a +0 pair of boots (worn)
 u - a +0 helmet (worn)
Jewellery
 h - an uncursed ring of see invisible
 i - a +3 ring of intelligence
 o - a +2 ring of strength (right hand)
 t - a ring of protection from fire (left hand)
Wands
 d - a wand of clouds (2)
 j - a wand of acid (2)
 r - a wand of random effects (13)
 s - a wand of polymorph (6)
 B - a wand of iceblast (9)
Scrolls
 n - 3 scrolls of remove curse
 p - 3 scrolls of magic mapping
 y - a scroll of identify
 A - 3 scrolls of teleportation
 D - a scroll of amnesia
 G - a scroll of fear
Potions
 e - 2 potions of haste
 g - a potion of cancellation
 k - a potion of mutation
 q - a potion of magic
 w - a potion of brilliance
Comestibles
 f - 15 rations


   Skills:
 + Level 10.4 Fighting
 - Level 14.1 Axes
 - Level 3.2 Armour
 - Level 3.2 Shields


You had 10 spell levels left.
You didn't know any spells.
Your spell library contained the following spells:

 Spells                   Type           Power        Failure   Level  Hunger
 Freeze                   Ice            #...         99%         1    ##.....
 Magic Dart               Conj           #...         99%         1    ##.....
 Summon Small Mammal      Summ           #...         99%         1    ##.....
 Blink                    Tloc           N/A          100%        2    ###....
 Call Imp                 Summ           #.......     100%        2    ###....
 Slow                     Hex            #.......     100%        2    ###....
 Throw Frost              Conj/Ice       #.....       100%        2    ###....
 Call Canine Familiar     Summ           #.......     100%        3    ####...
 Conjure Flame            Conj/Fire      #.......     100%        3    ####...
 Mephitic Cloud           Conj/Pois/Air  #.......     100%        3    ####...
 Ozocubu's Armour         Chrm/Ice       #.......     100%        3    ####...
 Summon Guardian Golem    Hex/Summ       #.......     100%        3    ####...
 Summon Ice Beast         Ice/Summ       #.......     100%        4    #####..
 Summon Lightning Spire   Summ/Air       #.......     100%        4    #####..
 Throw Icicle             Conj/Ice       #.......     100%        4    #####..


Dungeon Overview and Level Annotations

Branches:
Dungeon (11/15)            Temple (1/1) D:6
   Lair: D:8-11         Orc: D:9-12

Altars:
Ashenzari
Cheibriados
Dithmenos
Elyvilon
Fedhas
Gozag
Hepliaklqana
Kikubaaqudgha
Makhleb
Nemelex Xobeh
Okawaru
Qazlal
Ru
Sif Muna
Trog
Uskayaw
Vehumet
Wu Jian
Xom
Yredelemnul
Zin
The Shining One

Shops:
D:10 *

Annotations:
D:6 2 transporters, coffeespoons's ghost, novice OpFi
D:11 Grum


Innate Abilities, Weirdness & Mutations

You are resistant to damage.
You can heal yourself by infusing magical energy.
You passively map the area around you.
You do not regenerate.


Message History

Grum burns you. The troll bites you but does no damage. The troll claws you.
* * * LOW HITPOINT WARNING * * *
The troll claws you.
* * * LOW HITPOINT WARNING * * *
Unknown command.
Unknown command.
Okay, then.
You closely miss the troll.
The troll is almost dead.
Grum hits you from afar with a +1 spear of flaming.
* * * LOW HITPOINT WARNING * * *
Grum burns you. The troll bites you.
* * * LOW HITPOINT WARNING * * *
You block the troll's attack. The troll claws you.
You hit the troll. You burn the troll.
The troll is almost dead.
Grum hits you from afar with a +1 spear of flaming!
* * * LOW HITPOINT WARNING * * *
Grum burns you. The troll bites you!
You die...

* ..............##.#
..................##
,...##..........#...#
, ...........###.###
** **
,..##........##.#.# *
*, ..
#.............### ,,
, ,,
......>..#.......#,,
, .........))......#.
* , *
#.....###@##.......,
, * ##..##
#..TZ.......,,, ** ,
,.... #.##g....... ,,
.## , ...,.h....>.( *
, , .............). ,
.##............., , ,
* , ,
,*##............ , *
, , ............. , *
,,, ,..............
,,


You could see Grum, a troll, a wolf and a hound skeleton.

Vanquished Creatures
  A two-headed ogre (D:11)
  2 hippogriffs
  A shadow (D:10)
  4 vampire mosquitoes (D:10)
  2 water moccasins
  2 ice beasts (D:6)
  5 orc warriors
  2 phantoms
  5 sky beasts
  A black bear (D:11)
  3 wolves (D:11)
  8 ogres
  5 centaurs
  4 big kobolds
  2 gnoll sergeants
  7 bullfrogs
  2 wyvern zombies
  A wyvern skeleton (D:8)
  2 scorpions (D:6)
  9 killer bees
  5 wights (D:11)
  2 howler monkeys
  4 crimson imps
  2 centaur zombies
  14 hounds
  4 jellies
  17 orc wizards
  A gnoll shaman (D:6)
  5 orc priests
  2 bullfrog skeletons
  Terence (D:2)
  3 iguanas
  3 worker ants
  3 hound skeletons
  3 worker ant zombies
  11 adders
  14 gnolls
  5 shadow imps
  3 adder zombies
  A worm (D:3)
  2 adder skeletons
  A dart slug (D:1)
  3 leopard geckos
  44 orcs
  2 ball pythons
  2 giant cockroaches (D:3)
  9 goblins
  18 hobgoblins
  7 jackals
  24 kobolds
  2 quokkas
  10 bats
  4 frilled lizards
  A jackal skeleton (D:5)
  A jackal zombie (D:7)
  7 rats
308 creatures vanquished.

Vanquished Creatures (others)
  A rat (D:1)
1 creature vanquished.

Grand Total: 309 creatures vanquished

Notes
Turn   | Place    | Note
-------+----------+-------------------------------------------
     0 | D:1      | poirepourri the Deep Dwarf Fighter began the quest for the
                  | Orb.
     0 | D:1      | Reached XP level 1. HP: 20/20 MP: 1/1
    93 | D:1      | Reached skill level 3 in Axes
    93 | D:1      | Reached XP level 2. HP: 14/27 MP: 2/2
   742 | D:2      | Noticed Terence
   752 | D:2      | Killed Terence
   752 | D:2      | Reached skill level 4 in Axes
   752 | D:2      | Reached XP level 3. HP: 15/33 MP: 3/3
   827 | D:2      | Found a sparkling altar of Nemelex Xobeh.
   937 | D:2      | Reached XP level 4. HP: 36/40 MP: 4/4
   994 | D:2      | Reached skill level 5 in Axes
  1346 | D:3      | Found a radiant altar of Vehumet.
  1430 | D:3      | Reached skill level 6 in Axes
  1430 | D:3      | Reached XP level 5. HP: 16/46 MP: 5/5
  1558 | D:3      | Found a burning altar of Makhleb.
  1567 | D:3      | Became a worshipper of Makhleb the Destroyer
  1774 | D:3      | Found a blossoming altar of Fedhas.
  1775 | D:3      | Found a shattered altar of Ashenzari.
  1901 | D:3      | Found a deep blue altar of Sif Muna.
  2082 | D:4      | Reached skill level 7 in Axes
  2086 | D:4      | Reached XP level 6. HP: 52/55 MP: 6/6
  2143 | D:4      | Found a shimmering altar of Xom.
  2143 | D:4      | Found a shimmering altar of Xom.
  2144 | D:4      | Found a shimmering altar of Xom.
  2151 | D:4      | Found a shimmering altar of Xom.
  2626 | D:5      | Entered Level 5 of the Dungeon
  2626 | D:5      | Noticed a sky beast
  2637 | D:5      | Killed a sky beast
  2637 | D:5      | Reached skill level 8 in Axes
  2685 | D:5      | Reached XP level 7. HP: 46/61 MP: 7/7
  2866 | D:5      | Reached * piety under Makhleb
  2870 | D:5      | Reached skill level 9 in Axes
  2943 | D:5      | Found an iron altar of Okawaru.
  3132 | D:6      | Reached skill level 10 in Axes
  3133 | D:6      | Reached XP level 8. HP: 25/68 MP: 8/8
  3151 | D:6      | Reached skill level 11 in Axes
  3237 | D:6      | Reached ** piety under Makhleb
  3237 | D:6      | Reached skill level 12 in Axes
  3373 | D:6      | Gained mutation: You passively map the area around you.
                  | [Deep Dwarf growth]
  3373 | D:6      | Reached XP level 9. HP: 47/74 MP: 9/9
  3440 | D:6      | Reached skill level 13 in Axes
  3623 | D:6      | Found a transporter.
  3623 | D:6      | Found a transporter.
  3646 | D:6      | Noticed coffeespoons's ghost (novice OpFi)
  3782 | D:6      | Found a staircase to the Ecumenical Temple.
  3991 | Temple   | Entered the Ecumenical Temple
  4247 | D:7      | Reached skill level 14 in Axes
  4860 | D:7      | Reached *** piety under Makhleb
  5324 | D:8      | Reached skill level 5 in Fighting
  5423 | D:8      | Reached XP level 10. HP: 52/88 MP: 10/10
  5692 | D:8      | Found a glowing silver altar of Zin.
  5692 | D:8      | Found a glowing golden altar of the Shining One.
  5692 | D:8      | Found a white marble altar of Elyvilon.
  5731 | D:8      | Reached **** piety under Makhleb
  7045 | D:10     | Entered Level 10 of the Dungeon
  7410 | D:10     | Reached ***** piety under Makhleb
  7425 | D:10     | HP: 3/99 [something (22)]
  7602 | D:10     | Found Xunopety's Assorted Antiques.
  7605 | D:10     | Bought a crude ring mail for 234 gold pieces
  7605 | D:10     | Bought a potion of heal wounds for 130 gold pieces
  7605 | D:10     | Bought a potion of heal wounds for 130 gold pieces
  7605 | D:10     | Bought a scroll of teleportation for 78 gold pieces
  7605 | D:10     | Bought a scroll of teleportation for 78 gold pieces
  7605 | D:10     | Bought a scroll labeled ELUGGI EZOA for 26 gold pieces
  7605 | D:10     | Bought a scroll of identify for 52 gold pieces
  7605 | D:10     | Bought a scroll labeled KIMALI UKHOE for 26 gold pieces
  7609 | D:10     | Identified the +5 ring mail of the Wasteland {rC- Int+6}
                  | (You bought it in a shop on level 10 of the Dungeon)
  7730 | D:11     | Noticed a two-headed ogre
  7736 | D:11     | Noticed Grum
  7738 | D:11     | Killed a two-headed ogre
  7738 | D:11     | Reached skill level 10 in Fighting
  7738 | D:11     | Reached XP level 11. HP: 42/108 MP: 10/10
  7765 | D:11     | HP: 4/110 [Grum/+1 spear of flaming (10)]
  7765 | D:11     | Slain by a troll

Skill      XL: |  1  2  3  4  5  6  7  8  9 10 |
---------------+-------------------------------+-----
Axes           | 3 4 6 7 8 10 12 14 | 14.1
Fighting       | 5 10 | 10.4
Armour         | |  3.2
Shields        | |  3.2

Action                   |  1- 3 |  4- 6 |  7- 9 | 10-12 || total
-------------------------+-------+-------+-------+-------++-------
Melee: War axe           |    80 |   177 |   416 |   312 ||   985
Throw: Throwing net      |       |       |       |     1 ||     1
 Abil: Heal Wounds       |     1 |     2 |     6 |     6 ||    15
Evoke: Wand              |       |       |     6 |     7 ||    13
  Use: Scroll            |     5 |     4 |     6 |    12 ||    27
       Potion            |     1 |     5 |     8 |    10 ||    24
 Stab: Invisible         |       |       |     6 |     1 ||     7
       Confused          |       |       |       |     1 ||     1
       Held in net/web   |       |       |       |     1 ||     1
  Eat: Ration            |       |     2 |     3 |     2 ||     7
       Chunk             |       |       |     1 |       ||     1
Armor: Scale mail        |    31 |    78 |   147 |   131 ||   387
       Skin              |       |       |    17 |       ||    17
Dodge: Dodged            |    35 |    54 |   121 |   119 ||   329
Block: Shield            |    53 |    81 |   200 |   189 ||   523
